AoeStats
← turlockjj

Arabia

508142511Analyzed
1v1 RM · 12d ago on Sep 21, 2026· 14m 37s· 2 players
Game mode
Random Map
Map size
Tiny (2 player)
Population
200
Speed
Normal
Resources
Standard
Victory
Conquest
Starting age
Dark Age
Ending age
Imperial Age
RankedLock teamsTeams togetherTeam positionsShared explorationLock speedFull tech treeHidden civsTurbo modeCheats
Victory
Defeat
🇨🇱 Armenians · Chile
802
+15
🇺🇸 Maya · United States
781
-35
turlockjj
12:50 Feudal Age
luks_ff
8:10 Loom
11:00 Feudal Age
11:13 Man-at-Arms
11:46 Double-Bit Axe
11:43 Horse Collar
13:02 Arson
13:26 Long Swordsman
14:08 Scale Mail Armor
Connection lost

Rejoining the realm…

Still unreachable

The connection could not be restored.

Session expired

The server has moved on; the page needs a fresh start.